 Dungeon Crawl Stone Soup version 0.20.0-10-g0535bb4 (webtiles) character file.

806 anfisbena the Cleaver (level 7, -2/66 HPs)
             Began as a Hill Orc Fighter on June 3, 2017.
             Killed from afar by Ijyb (10 damage)
             ... with a wand of acid (?/15)
             ... on level 5 of the Dungeon.
             The game lasted 00:04:25 (5321 turns).

anfisbena the Cleaver (Hill Orc Fighter)            Turns: 5321, Time: 00:04:26

Health: -2/66      AC:  8    Str: 19    XL:     7   Next: 91%
Magic:  7/7        EV:  3    Int:  8    God:
Gold:   240        SH:  9    Dex: 12    Spells: 6/6 levels left

rFire    . . .     SeeInvis .   a - +0 war axe
rCold    . . .     Gourm    .   c - +0 shield
rNeg     . . .     Faith    +   u - +0 plate armour
rPois    .         Spirit   .   (no helmet)
rElec    .         Reflect  .   h - scarf {cloud immunity}
rCorr    .         Harm     .   (no gloves)
MR       .....                  q - +0 pair of boots
Stlth    ..........             k - amulet of faith
Regen    0.3/turn               (no ring)
MPRegen  0.1/turn               (no ring)

@: corroded
A: no striking features
a: no special abilities


You were on level 5 of the Dungeon.
You were very hungry.

You visited 1 branch of the dungeon, and saw 5 of its levels.

You collected 240 gold pieces.

Inventory:

Hand Weapons
 a - a +0 war axe (weapon)
Armour
 c - a +0 shield (worn)
 h - a scarf of cloud immunity (worn)
 q - a +0 pair of boots (worn)
 u - a +0 plate armour (worn)
Jewellery
 b - a cursed ring of loudness {unknown}
 k - an amulet of faith (around neck)
Wands
 y - a wand of enslavement (20/24)
Scrolls
 l - a scroll of remove curse
 n - 3 scrolls of teleportation
 o - 3 scrolls of immolation {unknown}
 s - a scroll of fog {unknown}
 t - 7 scrolls of identify
 v - 3 scrolls of enchant armour {unknown}
 w - a scroll of amnesia {unknown}
Potions
 d - 4 potions of might
 e - 2 potions of haste {unknown}
 g - a potion of curing
 i - a potion of flight {unknown}
 p - a potion of heal wounds {unknown}
 r - a potion of cancellation {unknown}
 x - a potion of lignification {unknown}
Comestibles
 f - 4 bread rations
 j - 4 royal jellies
 m - 2 fruits


   Skills:
 + Level 7.1 Fighting
 * Level 9.3 Axes
 - Level 3.2 Armour
 - Level 3.2 Shields


You had 6 spell levels left.
You didn't know any spells.

Dungeon Overview and Level Annotations

Branches:
Dungeon (5/15)
 Temple: D:4-7

Altars:
Fedhas

Shops:
D:4 !   D:5 *

Annotations:
D:5 Crazy Yiuf, Ijyb


Message History

You are too injured to fight recklessly!
You hit Ijyb.
Ijyb is almost dead.
Ijyb hits you.
Crazy Yiuf whimpers, "Lugonu turtle green!"
Ijyb hits you but does no damage.
You hit Ijyb but do no damage.
Ijyb is almost dead.
Ijyb zaps a wand.
The bolt of acid hits you!
* * * LOW HITPOINT WARNING * * *
You are splashed with acid!
The acid burns!
* * * LOW HITPOINT WARNING * * *
You closely miss Ijyb.
Ijyb is almost dead.
Crazy Yiuf says, "Crazy?
Crazy!?
PORCUPINE!"
Ijyb zaps a wand.
The bolt of acid hits you!
You are splashed with acid!
The acid burns!
* * * LOW HITPOINT WARNING * * *
You feel better.
Ijyb zaps a wand.
The bolt of acid hits you!
You die...

......'......>.#
#.......#≈.
.....8#)...#####
#.......#§.
......#....#
#.......#≈.
...8...8...#
#####
#..######≈#
#####.######
#..)#
#..#≈≈≈≈≈§# ##8#
#...#
####≈...### #..#
.g. #≈......
##.## #g#
#≈...### #..#
##@# #≈≈≈≈≈≈#
##.## #.##
######≈# #..#
##.# #≈. ##.##
#.## #≈. #..#
##.## #≈. #.##
#...## #≈≈ #.#
#....# ### #.#
##..## # #.#
#....# #


You could see Ijyb and Crazy Yiuf.

Vanquished Creatures
  The ghost of bli the Digger, an amateur DrEE (D:4)
  An ice beast (D:5)
  A phantom (D:5)
  A scorpion (D:4)
  A howler monkey (D:4)
  2 crimson imps (D:5)
  An orc priest (D:3)
  A bullfrog skeleton (D:4)
  2 iguanas
  A worker ant (D:4)
  A hound skeleton (D:4)
  3 gnolls (D:3)
  A howler monkey skeleton (D:5)
  7 adders
  An ooze (D:4)
  3 adder skeletons
  3 worms
  3 dart slugs
  2 leopard geckos (D:4)
  12 orcs
  8 bats
  7 goblins
  4 hobgoblins
  3 jackals (D:3)
  5 kobolds
  2 quokkas (D:4)
  A ball python (D:5)
  2 frilled lizards
  A jackal zombie (D:5)
  3 rats
84 creatures vanquished.

Notes
Turn   | Place    | Note
-------+----------+-------------------------------------------
     0 | D:1      | anfisbena the Hill Orc Fighter began the quest for the Orb.
     0 | D:1      | Reached XP level 1. HP: 19/19 MP: 1/1
   400 | D:1      | Reached skill level 3 in Axes
   453 | D:1      | Reached XP level 2. HP: 24/27 MP: 2/2
   986 | D:2      | Found a faded altar of an unknown god.
  1154 | D:2      | Reached skill level 4 in Axes
  1154 | D:2      | Reached XP level 3. HP: 24/33 MP: 3/3
  2021 | D:3      | Reached XP level 4. HP: 39/41 MP: 4/4
  2167 | D:3      | Reached skill level 5 in Axes
  2540 | D:3      | Reached skill level 5 in Fighting
  2540 | D:3      | Reached XP level 5. HP: 38/48 MP: 5/5
  2709 | D:3      | Reached skill level 6 in Axes
  3334 | D:4      | Noticed bli's ghost (amateur DrEE)
  3339 | D:4      | Reached XP level 6. HP: 52/57 MP: 6/6
  3360 | D:4      | Killed bli's ghost
  3360 | D:4      | Reached skill level 7 in Axes
  3542 | D:4      | Reached XP level 7. HP: 59/63 MP: 7/7
  3834 | D:4      | Reached skill level 8 in Axes
  3923 | D:4      | Found a blossoming altar of Fedhas.
  4036 | D:4      | Found Pugav's Distillery.
  4133 | D:5      | Entered Level 5 of the Dungeon
  4148 | D:5      | Found Vomoc's Assorted Antiques.
  4359 | D:5      | Found a runed door.
  4615 | D:5      | Found Iraul's Distillery.
  4651 | D:5      | Reached skill level 9 in Axes
  5310 | D:5      | Noticed Crazy Yiuf
  5310 | D:5      | Noticed Ijyb
  5320 | D:5      | HP: 2/66 [acid (14)]
  5321 | D:5      | Killed from afar by Ijyb

Skill      XL: |  1  2  3  4  5  6  7 |
---------------+----------------------+-----
Axes           | 3 4 5 6 7 9 |  9.3
Fighting       | 4 5 6 7 |  7.1
Armour         | |  3.2
Shields        | |  3.2

Action                   |  1- 3 |  4- 6 |  7- 9 || total
-------------------------+-------+-------+-------++-------
Melee: Hand axe          |    71 |       |       ||    71
       War axe           |    59 |   145 |    97 ||   301
  Use: Scroll            |     4 |       |       ||     4
       Potion            |       |       |     1 ||     1
  Eat: Chunk             |     4 |     5 |     4 ||    13
Armor: Scale mail        |    76 |    47 |       ||   123
       Plate armour      |       |    32 |    48 ||    80
Dodge: Dodged            |    34 |    30 |     9 ||    73
Block: Shield            |    70 |    76 |    28 ||   174
